 Dungeon Crawl Stone Soup version 0.31-a0-662-g684573625c (webtiles) character file.

Game seed: 13250886070161752779

21 cforsyth the Trooper (level 3, 0/30 HPs)
             Began as a Djinni Cinder Acolyte on Sept 1, 2023.
             Was a High Priest of Ignis.
             Frozen to death by an endoplasm (4 damage)
             ... on level 1 of the Dungeon.
             The game lasted 00:00:31 (395 turns).

cforsyth the Trooper (Djinni Cinder Acolyte)         Turns: 395, Time: 00:00:32

Health: 0/30       AC:  2    Str: 13    XL:     3   Next: 5%
Gold:   34         EV: 11    Int: 17    God:    Ignis [*****.] SH:  0 Dex:  8

rFire   + + +        a - -1 falchion (flame)
rCold   x . .        (no shield)
rNeg    . . .        b - +0 robe
rPois   ∞            (no helmet)
rElec   .            (no cloak)
rCorr   .            (no gloves)
SInv    .            (boots unavailable)
Will    .....        (no amulet)
Stlth   +            (no ring)
HPRegen 0.25/turn    (no ring)
MPRegen 0.00/turn

%: infuse magic (-1 HP)
@: flying
A: sickness immunity, fire resistance 2, cold vulnerability 1, float, innate
caster, HP casting, extra vitality 1
a: Renounce Religion, Fiery Armour, Foxfire Swarm, Rising Flame


You were on level 1 of the Dungeon.
You worshipped Ignis.
Ignis was extremely pleased with you.
You visited 1 branch of the dungeon, and saw 1 of its levels.

You collected 34 gold pieces.

Inventory:

Hand Weapons
 a - a -1 falchion of flaming (weapon)
Armour
 b - a +0 robe (worn)
Scrolls
 d - 2 scrolls of fog {unknown}
 e - 3 scrolls of enchant weapon {unknown}
 f - a scroll of identify {unknown}
 h - a scroll of torment {unknown}
Potions
 c - a potion of curing {unknown}
 g - a potion of lignification {unknown}


   Skills:
 + Level 3.3 Fighting
 + Level 3.0 Long Blades
 + Level 2.5 Spellcasting
 + Level 2.5 Conjurations
 + Level 2.5 Hexes
 + Level 2.5 Summonings
 + Level 2.5 Necromancy
 + Level 2.5 Translocations
 + Level 2.5 Transmutations
 + Level 2.5 Fire Magic
 + Level 2.5 Ice Magic
 + Level 2.5 Air Magic
 + Level 2.5 Earth Magic
 + Level 2.5 Poison Magic


You knew the following spells:

 Your Spells              Type           Power      Damage    Failure   Level
a - Scorch                Fire           20%        2d5       10%         2
b - Summon Small Mammal   Summ           40%        N/A       6%          1
Your spell library was empty.

Dungeon Overview and Level Annotations

Branches:
Dungeon (1/15)

Altars:


Innate Abilities, Weirdness & Mutations

You are immune to sickness and miasma.
You are immune to poison.
Your flesh is very heat resistant. (rF++)
You are vulnerable to cold. (rC-)
You float through the air rather than walking.
You learn spells naturally, not from books.
Your magical power is your life essence.
You have superior vitality. (+4 MHP)


Message History

The hobgoblin is moderately wounded.
The endoplasm hits you but does no damage.
The hobgoblin barely misses you. The rat closely misses you.
You closely miss the hobgoblin.
The hobgoblin is moderately wounded.
The endoplasm freezes you.
You are frozen!
You feel a terrible chill! The hobgoblin closely misses you.
The rat bites you but does no damage.
You closely miss the hobgoblin.
The hobgoblin is moderately wounded.
The endoplasm closely misses you. The hobgoblin barely misses you.
The rat closely misses you. The endoplasm freezes you.
You are frozen.
You feel a terrible chill!
You slash the hobgoblin! You burn the hobgoblin.
You kill the hobgoblin!
The endoplasm freezes you.
You are frozen.
You feel a terrible chill! The rat bites you but does no damage.
The endoplasm freezes you.
You are frozen.
You feel a terrible chill!
* * * LOW HITPOINT WARNING * * *
You are too injured to fight recklessly!
You are too injured to fight recklessly!
You are too injured to fight recklessly!
You are too injured to fight recklessly!
You are too injured to fight recklessly!
The endoplasm attacks as it pursues you!
The endoplasm barely misses you. The rat attacks as it pursues you!
The rat closely misses you.
An endoplasm comes into view.
The endoplasm quivers.
The endoplasm freezes you.
You are frozen.
You feel a terrible chill!
* * * LOW HITPOINT WARNING * * *
The endoplasm attacks as it pursues you!
The endoplasm hits you but does no damage. x2
The endoplasm freezes you.
You are frozen.
You feel a terrible chill!
You die...

.###.#......†..... ....
...#........#..... ....
#......#...#...#. .....
#...#...#..#..#.. ....
#....#..#.(#..#.. ...
#.....#..#.#.#..#
#.###..#...#.#.#.#.#.
#.J.#...##..#.#.#.#..
####.@.....##.#...#.##
#..JJr.......#.....#..
#......######...<...##
#.[..........#.....#..
#.†........##.#...#.##
#........##..#.#.#.#..
#.........#...#.#.#.#.#.
#.#..........#..#.#.#..#
.....##.#....#..#..#..#..


You could see 3 endoplasms and a rat.

Vanquished Creatures
  A dart slug (D:1)
  2 endoplasms (D:1)
  A giant cockroach (D:1)
  3 hobgoblins (D:1)
  4 jackals (D:1)
  A quokka (D:1)
  2 ball pythons (D:1)
  A bat (D:1)
  A kobold (D:1)
  A rat (D:1)
17 creatures vanquished.

Notes
Turn   | Place    | Note
-------+----------+-------------------------------------------
     0 | D:1      | cforsyth the Djinni Cinder Acolyte began the quest for the
                  | Orb.
     0 | D:1      | cforsyth set off with the following spells memorised:
                  | Scorch.
     0 | D:1      | Reached XP level 1. HP: 20/20 MP: 0/0
    82 | D:1      | Reached XP level 2. HP: 25/25 MP: 0/0
   380 | D:1      | Reached XP level 3. HP: 30/30 MP: 0/0
   380 | D:1      | Learned a level 1 spell: Summon Small Mammal
   395 | D:1      | Frozen to death by an endoplasm

Illustrated notes

Levels and vault maps discovered:
D:1:      minmay_arrival_radiant_lines, layout_rooms

Skill      XL: |  1  2 |
---------------+-------+-----
Long Blades    | 3 |  3.0
Fighting       | |  3.3
Spellcasting   | |  2.5
Conjurations   | |  2.5
Hexes          | |  2.5
Summonings     | |  2.5
Necromancy     | |  2.5
Translocations | |  2.5
Transmutations | |  2.5
Fire Magic     | |  2.5
Ice Magic      | |  2.5
Air Magic      | |  2.5
Earth Magic    | |  2.5
Poison Magic   | |  2.5

Action                     || total
---------------------------++-------
  Melee: Falchion          ||    60
 Armour: Robe              ||    42
  Dodge: Dodged            ||    52

Table legend: (Time is in decaauts)
 A = Elapsed time spent in this place.
 B = Non-inter-level travel time spent in this place.
 C = Inter-level travel time spent in this place.
 D = Time resting spent in this place.
 E = Time spent auto-exploring this place.
 F = Levels seen in this place.
 G = Mean time per level.
                   A        B        C        D        E       F      G
               +--------+--------+--------+--------+--------+-----+--------+
         Total |    404 |    404 |      0 |      0 |    283 |   1 |  404.0 |
       Dungeon |    404 |    404 |      0 |      0 |    283 |   1 |  404.0 |
               +--------+--------+--------+--------+--------+-----+--------+

Top non-repeatable levels by time:
     D:1: 404 daAuts
